 Dungeon Crawl Stone Soup version 0.22-a0-542-gce4f928 (webtiles) character file.

42224 iamserjio the Nimble (level 14, 0/101 HPs)
             Began as an Octopode Warper on June 24, 2018.
             Was the Champion of Okawaru.
             Slain by a black mamba (16 damage)
             ... on level 5 of the Lair of Beasts.
             The game lasted 01:31:11 (28032 turns).

iamserjio the Nimble (Octopode Warper)             Turns: 28032, Time: 01:31:12

Health: 0/101      AC:  1    Str: 13    XL:     14   Next: 18%
Magic:  23/25      EV: 23    Int: 17    God:    Okawaru [******]
Gold:   756        SH: 10    Dex: 12    Spells: 16/28 levels left

rFire    . . .     SeeInvis .   M - +4 scimitar (flame)
rCold    . . .     Gourm    .   v - +1 buckler {rPois}
rNeg     + . .     Faith    .   (helmet restricted)
rPois    +         Spirit   .   G - +3 amulet of reflection
rElec    .         Reflect  +   C - ring of poison resistance
rCorr    .         Harm     .   L - ring of positive energy
MR       +....                  (no ring)
Stlth    ++++++....             (no ring)
HPRegen  0.26/turn              (no ring)
MPRegen  0.19/turn              (no ring)
                                (no ring)
                                (no ring)

@: lethally poisoned (0 -> -10), heroism
A: almost no armour, stealthy swim, amphibious, 8 rings, constrict 8, camouflage
1, gelatinous body 1
a: Heroism, Finesse, Renounce Religion


You were on level 5 of the Lair of Beasts.
You worshipped Okawaru.
Okawaru was exalted by your worship.
You were hungry.

You visited 3 branches of the dungeon, and saw 19 of its levels.
You also visited: Ossuary and Ice Cave.

You collected 1527 gold pieces.
You spent 771 gold pieces at shops.

Inventory:

Hand Weapons
 a - a +2 vampiric scimitar
 p - the +1 rapier of Earthquakes {flame, rN+ Str+4 Int-4 SInv}
   (Okawaru gifted it to you in an ice cave)

   It has been specially enchanted to burn those struck by it, causing extra
   injury to most foes and up to half again as much damage against particularly
   susceptible opponents.
   It affects your strength (+4).
   It affects your intelligence (-4).
   It protects you from negative energy.
   It lets you see invisible.
 I - a +0 blowgun
 K - a +3 scimitar
 M - a +4 scimitar of flaming (weapon)
 S - the +5 demon blade "Octopus's Foe" {drain, rElec Dex+2 Stlth+}
   (You found it in an ice cave)

   A truly terrible weapon, it drains the life of those it strikes.
   It affects your dexterity (+2).
   It insulates you from electricity.
   It makes you more stealthy.
Missiles
 x - 8 curare-tipped needles {!f}
 y - 19 tomahawks (quivered)
 Q - 2 needles of confusion
 X - 5 needles of paralysis {!f}
Armour
 v - a +1 buckler of poison resistance (worn)
 D - a +0 large shield
Jewellery
 j - an uncursed amulet of regeneration
 l - an uncursed ring of flight {unknown}
 C - a ring of poison resistance (left tentacle)
 G - a +3 amulet of reflection (around mantle)
 J - a +2 amulet of reflection
 L - a ring of positive energy (right tentacle)
 O - an uncursed ring of fire
 U - an uncursed ring of fire
Wands
 d - a wand of acid (5)
 A - a wand of clouds (2)
 B - a wand of digging (13)
 R - a wand of paralysis (18)
Scrolls
 b - a scroll of fear {unknown}
 g - 6 scrolls of immolation
 h - a scroll of enchant armour {unknown}
 o - 5 scrolls of remove curse {@r2}
 q - 7 scrolls of teleportation
 r - 2 scrolls of fog {unknown}
 s - 2 scrolls of vulnerability {unknown}
 u - 5 scrolls of magic mapping
 E - 3 scrolls of amnesia {unknown}
 F - a scroll of enchant weapon
 H - 2 scrolls of random uselessness {unknown}
 V - 3 scrolls of brand weapon {unknown}
Potions
 e - 5 potions of curing {@q1}
 i - 2 potions of cancellation
 k - 2 potions of might
 m - 3 potions of brilliance
 n - a potion of resistance
 t - a potion of invisibility {unknown}
 w - a potion of magic {unknown}
 z - 3 potions of haste
 N - 2 potions of degeneration {unknown}
 T - a potion of flight {unknown}
 W - a potion of mutation {unknown}
 Y - a potion of heal wounds
Miscellaneous
 P - a lamp of fire
Comestibles
 c - 5 chunks of flesh
 f - 21 rations


   Skills:
 + Level 11.5(16.5) Fighting
 + Level 10.6(15.6) Long Blades
 - Level 1.0(6.0) Throwing
 + Level 11.9(16.9) Dodging
 - Level 8.9(13.9) Stealth
 * Level 3.2(8.2) Shields
 + Level 7.7 Spellcasting
 - Level 2.1 Charms
 - Level 8.7 Summonings
 - Level 2.3 Necromancy
 - Level 3.0 Translocations
 - Level 2.0 Air Magic
 - Level 4.0 Invocations


You had 16 spell levels left.
You knew the following spells:

 Your Spells              Type           Power        Failure   Level  Hunger
a - Blink                 Tloc           N/A          4%          2    None
b - Shroud of Golubria    Chrm/Tloc      ###.......   5%          2    None
c - Gell's Gravitas       Tloc           ###.......   10%         3    #......
d - Animate Skeleton      Necr           N/A          4%          1    None
e - Summon Lightning Spi  Summ/Air       ###.....     12%         4    ###....

Your spell library contained the following spells:

 Spells                   Type           Power        Failure   Level  Hunger
 Fireball                 Conj/Fire      #.........   96%         5    #####..
 Apportation              Tloc           ###...       3%          1    None
 Conjure Flame            Conj/Fire      #.......     32%         3    #......
 Throw Flame              Conj/Fire      #.....       16%         2    None
 Freezing Cloud           Conj/Ice/Air   #.........   100%        6    ######.
 Mephitic Cloud           Conj/Pois/Air  #.......     24%         3    #......
 Ring of Flames           Chrm/Fire      ##........   100%        7    #######
 Teleport Other           Tloc           ###.....     10%         3    #......
 Summon Small Mammal      Summ           ####         1%          1    None
 Sticky Flame             Conj/Fire      #.......     71%         4    ###....
 Spider Form              Tmut/Pois      #.........   32%         3    #......
 Blade Hands              Tmut           #.........   96%         5    #####..
 Ice Form                 Ice/Tmut       #.......     71%         4    ###....
 Deflect Missiles         Chrm/Air       ##........   100%        6    ######.
 Confusing Touch          Hex            #.....       11%         1    None
 Flame Tongue             Conj/Fire      #....        11%         1    None
 Sticks to Snakes         Tmut           #.......     16%         2    None
 Silence                  Hex/Air        #.........   89%         5    #####..
 Conjure Ball Lightning   Conj/Air       #.........   100%        6    ######.
 Passage of Golubria      Tloc           N/A          30%         4    ###....
 Tornado                  Air            ##........   100%        9    #######
 Inner Flame              Hex/Fire       #.......     32%         3    #......
 Beastly Appendage        Tmut           #.....       11%         1    None
 Lesser Beckoning         Tloc           ###.......   10%         3    #......
 Poisonous Vapours        Pois/Air       #.....       11%         2    None


Dungeon Overview and Level Annotations

Branches:
Dungeon (12/15)            Temple (0/1) D:6            Lair (6/6) D:9
  Swamp (0/4) Lair:4       Spider (0/4) Lair:4        Slime (0/5) Lair:5
    Orc (1/2) D:10

Altars:
Cheibriados
Hepliaklqana
Kikubaaqudgha
Makhleb
Nemelex Xobeh
Okawaru
Xom
The Shining One
Beogh

Shops:
D:7 ?   D:10 *

Annotations:
D:4 3 runed doors, Friendofdean's ghost, amateur HOAK
D:11 1 runed door, iamserjio's ghost, journeyman VSSk
D:12 Erolcha


Innate Abilities, Weirdness & Mutations

You cannot wear most types of armour.
You are very stealthy in the water. (Stealth+)
You are amphibious.
You can wear up to eight rings at the same time.
You can use your tentacles to constrict eight enemies at once.
Your skin changes colour to match your surroundings (Stealth+).
Your rubbery body absorbs attacks. (AC +1, EV +1)


Message History

You feel sick. You block the water moccasin's attack.
The black mamba completely misses you.
You closely miss the black mamba. You grab the black mamba.
You constrict the black mamba.
You feel sick. You block the black mamba's attack.
The water moccasin completely misses you.
You block the black mamba's attack.
You hit the black mamba. You burn the black mamba.
The black mamba is lightly wounded.
You constrict the black mamba.
You feel sick. You block the water moccasin's attack.
The black mamba bites you!!
* * * LOW HITPOINT WARNING * * *
You slash the black mamba! You burn the black mamba.
The black mamba is heavily wounded.
You constrict the black mamba.
You feel sick. The water moccasin misses you.
You riposte.
You barely miss the water moccasin. Your grab misses the water moccasin.
You tentacle-slap the water moccasin, but do no damage.
The black mamba bites you!
You die...

##.##...## #.####
######.#### ##########...#
##..P.####.#.#..# ##..##
#.....#.........###P..P# ###
###...................##
#.######..(..........#...##
#..#.P##.............####.##
##.....................#
##.#
#......#.......S@S.....# ###
#...........#..........#
...........###.......###
..#......"## #P.#..###
##.#..>..## ##.####
########.# ### ###


You could see a black mamba and a water moccasin.

Vanquished Creatures
  A reaper (IceCv)
  Snorg (Lair:4)
  2 hydras
  An ice dragon (Lair:4)
  2 two-headed ogres
  Erica (D:8)
  Sonja (Lair:1)
  An ugly thing (D:9)
  A cyclops (D:11)
  13 elephants
  2 black mambas
  2 ice statues (IceCv)
  A gargoyle (D:12)
  7 spiny frogs
  A rime drake (Lair:5)
  A demonic crawler (Lair:4)
  11 komodo dragons
  9 ice devils (IceCv)
  5 polar bears
  A troll (D:10)
  2 hornets (Lair:5)
  Prince Ribbit (Lair:2)
  7 dream sheep
  Grinder (D:3)
  14 blink frogs
  3 hippogriffs
  5 wyverns
  A human (D:7)
  3 wraiths
  16 yaks
  4 hogs (D:7)
  A steam dragon (D:8)
  2 hungry ghosts (D:12)
  3 vampire mosquitoes (D:12)
  A warg (Orc:1)
  9 water moccasins
  A soldier ant (D:12)
  4 porcupines
  5 ice beasts
  2 black bears
  6 orc warriors
  2 phantoms
  A sky beast (D:9)
  A necrophage (D:6)
  4 ogres
  13 wolves
  3 centaurs
  8 crocodiles
  3 big kobolds
  Blork the orc (D:5)
  13 bullfrogs
  5 killer bees (D:9)
  3 scorpions
  4 wights (D:11)
  3 electric eels (D:9)
  3 howler monkeys
  4 crimson imps
  2 jellies
  2 bullfrog zombies
  A gnoll shaman (D:10)
  7 orc priests
  2 centaur skeletons
  10 hounds
  7 orc wizards
  A bullfrog skeleton (D:4)
  Jessica (D:3)
  7 iguanas
  8 worker ants
  A killer bee zombie (D:10)
  A hound zombie (D:11)
  A worker ant zombie (D:9)
  21 adders
  8 gnolls
  A howler monkey skeleton (D:6)
  2 shadow imps (D:7)
  2 white imps (IceCv)
  An ufetubus (IceCv)
  2 oozes (D:1)
  2 adder skeletons
  6 worms
  2 dart slugs
  5 leopard geckos
  35 orcs
  A ball python (D:3)
  3 giant cockroaches (D:7)
  8 goblins
  7 hobgoblins
  16 jackals
  28 kobolds
  5 quokkas
  6 bats
  8 frilled lizards
  A hobgoblin zombie (Ossuary)
  A jackal zombie (D:6)
  A leopard gecko skeleton (D:6)
  A quokka skeleton (D:4)
  6 rats
456 creatures vanquished.

Vanquished Creatures (collateral kills)
  2 hydras
  3 oklob plants (Lair:5)
  3 elephants (Lair:6)
  A komodo dragon (Lair:1)
  An ice devil (IceCv)
  3 blink frogs
  A dream sheep (Lair:5)
  A wyvern (Lair:3)
  2 yaks (Lair:2)
  3 wolves
  A scorpion (Lair:4)
  An electric eel (D:9)
  2 worms (Lair:4)
  6 fungi
30 creatures vanquished.

Vanquished Creatures (others)
  A hound (D:9)
  8 white imps (IceCv)
  9 ufetubi (IceCv)
  22 fungi
  18 plants
58 creatures vanquished.

Grand Total: 544 creatures vanquished

Notes
Turn   | Place    | Note
-------+----------+-------------------------------------------
     0 | D:1      | iamserjio the Octopode Warper began the quest for the Orb.
     0 | D:1      | Reached XP level 1. HP: 14/14 MP: 3/3
   599 | D:1      | Reached XP level 2. HP: 16/19 MP: 5/5
   688 | D:1      | Reached skill level 1 in Stealth
   814 | D:1      | Reached XP level 3. HP: 19/25 MP: 6/6
  1327 | D:2      | Found a shimmering altar of Xom.
  1626 | D:2      | Reached XP level 4. HP: 30/30 MP: 7/7
  2302 | D:3      | Noticed Jessica
  2306 | D:3      | Killed Jessica
  2306 | D:3      | Reached XP level 5. HP: 36/36 MP: 8/8
  2359 | D:3      | Learned a level 2 spell: Blink
  2362 | D:3      | Learned a level 2 spell: Shroud of Golubria
  2366 | D:3      | Learned a level 3 spell: Gell's Gravitas
  2440 | D:3      | Noticed Grinder
  2836 | D:4      | Reached XP level 6. HP: 34/42 MP: 9/9
  2842 | D:4      | Reached skill level 1 in Charms
  2963 | D:4      | Noticed an orc warrior
  3009 | D:4      | Reached skill level 5 in Dodging
  3110 | D:4      | Found a sand-covered staircase.
  3131 | Ossuary  | Entered an ossuary
  3702 | D:4      | Killed an orc warrior
  3702 | D:4      | Reached XP level 7. HP: 16/47 MP: 10/10
  4365 | D:4      | Found a runed gate.
  4375 | D:4      | Found a runed gate.
  4375 | D:4      | Found a runed gate.
  4545 | D:4      | Noticed Friendofdean's ghost (amateur HOAK)
  4550 | D:4      | Found a roughly hewn altar of Beogh.
  4665 | D:3      | Killed Grinder
  4665 | D:3      | Reached skill level 5 in Stealth
  4796 | D:5      | Entered Level 5 of the Dungeon
  4875 | D:5      | Noticed Blork the orc
  4883 | D:5      | Killed Blork the orc
  4883 | D:5      | Reached XP level 8. HP: 15/54 MP: 11/11
  5542 | D:5      | Reached skill level 5 in Fighting
  6103 | D:6      | Found a sparkling altar of Nemelex Xobeh.
  6103 | D:6      | Found a glowing golden altar of the Shining One.
  6105 | D:6      | Found an iron altar of Okawaru.
  6116 | D:6      | Found an ancient bone altar of Kikubaaqudgha.
  6146 | D:6      | Became a worshipper of Warmaster Okawaru
  6566 | D:6      | Found a staircase to the Ecumenical Temple.
  6928 | D:6      | Reached XP level 9. HP: 62/62 MP: 12/12
  7130 | D:6      | Reached * piety under Okawaru
  7229 | D:6      | Found a snail-covered altar of Cheibriados.
  7892 | D:7      | Reached skill level 1 in Invocations
  8139 | D:7      | Found a glowing golden altar of the Shining One.
  8413 | D:7      | Reached ** piety under Okawaru
  9443 | D:7      | Found Pes Buorph's Magic Scroll Shop.
  9486 | D:7      | Reached XP level 10. HP: 46/72 MP: 11/13
  9737 | D:7      | Bought a scroll of immolation for 38 gold pieces
  9737 | D:7      | Bought a scroll of magic mapping for 38 gold pieces
  9737 | D:7      | Bought a scroll of magic mapping for 38 gold pieces
  9737 | D:7      | Bought a scroll of teleportation for 33 gold pieces
  9737 | D:7      | Bought a scroll of noise for 11 gold pieces
  9737 | D:7      | Bought a scroll of identify for 22 gold pieces
  9887 | D:8      | Learned a level 1 spell: Animate Skeleton
 10134 | D:8      | Reached skill level 1 in Necromancy
 10301 | D:8      | Noticed a two-headed ogre
 10344 | D:8      | Killed a two-headed ogre
 10344 | D:8      | Reached *** piety under Okawaru
 10753 | D:8      | Noticed Erica
 10771 | D:8      | Killed Erica
 10771 | D:8      | Reached skill level 5 in Long Blades
 12011 | D:9      | Reached **** piety under Okawaru
 12329 | D:9      | Reached XP level 11. HP: 41/78 MP: 16/16
 12523 | D:9      | Found a burning altar of Makhleb.
 12553 | D:9      | Found a staircase to the Lair.
 12669 | D:9      | Found a hazy altar of Hepliaklqana.
 12670 | D:9      | Found a shimmering altar of Xom.
 12670 | D:9      | Noticed a tentacled monstrosity
 12671 | D:9      | Noticed a tentacled monstrosity
 12865 | D:10     | Entered Level 10 of the Dungeon
 12865 | D:10     | Noticed a two-headed ogre
 12968 | D:10     | Noticed a red ugly thing
 13527 | D:10     | Killed a two-headed ogre
 13538 | D:10     | Found a staircase to the Orcish Mines.
 13723 | D:10     | Noticed a centaur warrior
 13770 | D:10     | Found Nukegaq's Assorted Antiques.
 14526 | D:11     | Found a runed door.
 14635 | D:11     | Noticed a cyclops
 14688 | D:11     | Killed a cyclops
 15064 | D:11     | Noticed iamserjio's ghost (journeyman VSSk)
 15335 | D:12     | HP: 1/80 [troll (7)]
 15790 | D:12     | Reached skill level 10 in Dodging
 15815 | D:12     | Learned a level 4 spell: Summon Lightning Spire
 15852 | D:12     | Reached skill level 1 in Summonings
 16171 | D:12     | Reached skill level 5 in Spellcasting
 16192 | D:12     | Noticed a skeletal warrior
 16207 | D:12     | Noticed a skeletal warrior
 16340 | D:12     | Reached ***** piety under Okawaru
 16408 | D:12     | Noticed Erolcha
 16417 | D:12     | Noticed a purple ugly thing
 16519 | Orc:1    | Entered Level 1 of the Orcish Mines
 16519 | Orc:1    | Noticed a stone giant
 16536 | Orc:1    | Noticed an orc high priest
 16762 | D:10     | Bought 3 scrolls of teleportation for 198 gold pieces
 16762 | D:10     | Bought a tubular glass ring for 110 gold pieces
 16762 | D:10     | Bought a smoky puce potion for 19 gold pieces
 16762 | D:10     | Bought 2 potions of heal wounds for 220 gold pieces
 16762 | D:10     | Bought a scroll labeled YTYM QEISCH for 22 gold pieces
 16762 | D:10     | Bought a scroll labeled ZONLOCOUSUS for 22 gold pieces
 16826 | D:9      | Killed a white ugly thing
 17931 | Lair:1   | Entered Level 1 of the Lair of Beasts
 17951 | Lair:1   | Noticed Sonja
 17960 | Lair:1   | Killed Sonja
 17960 | Lair:1   | Reached XP level 12. HP: 87/87 MP: 14/19
 18249 | Lair:1   | Reached skill level 10 in Fighting
 18287 | Lair:1   | Received a gift from Okawaru
 18318 | Lair:1   | Noticed a six-headed hydra
 18328 | Lair:1   | Killed a four-headed hydra
 18328 | Lair:1   | Reached skill level 5 in Summonings
 18954 | Lair:2   | Noticed Prince Ribbit
 18974 | Lair:2   | Killed Prince Ribbit
 19088 | Lair:2   | Found an ancient bone altar of Kikubaaqudgha.
 19402 | Lair:3   | Received a gift from Okawaru
 19710 | Lair:3   | Noticed a five-headed hydra
 19720 | Lair:3   | Killed a five-headed hydra
 20472 | Lair:4   | Noticed an ice dragon
 20498 | Lair:4   | Killed an ice dragon
 20523 | Lair:4   | Reached XP level 13. HP: 43/93 MP: 18/22
 20548 | Lair:4   | Found a frozen archway.
 20561 | IceCv    | Entered an ice cave
 22261 | IceCv    | Received a gift from Okawaru
 22264 | IceCv    | Got an ancient rapier {god gift}
 22267 | IceCv    | Identified the +1 rapier of Earthquakes {flame, rN+ Str+4 Int-4 SInv} (Okawaru gifted it to you in an ice cave)
 23120 | IceCv    | Noticed a reaper
 23134 | IceCv    | Killed a reaper
 23154 | IceCv    | Got a scorched demon blade
 23155 | IceCv    | Identified the +5 demon blade "Octopus's Foe" {drain, rElec Dex+2 Stlth+} (You found it in an ice cave)
 23328 | Lair:4   | Found a hole to the Spider Nest.
 23498 | Lair:4   | Noticed Snorg
 23613 | Lair:4   | Killed Snorg
 23613 | Lair:4   | Reached skill level 10 in Long Blades
 24197 | Lair:4   | Found a staircase to the Swamp.
 24856 | Lair:5   | Reached ****** piety under Okawaru
 25000 | Lair:5   | Received a gift from Okawaru
 26208 | Lair:5   | Found a staircase to the Slime Pits.
 26575 | Lair:5   | Received a gift from Okawaru
 26612 | Lair:6   | Entered Level 6 of the Lair of Beasts
 26955 | Lair:6   | Reached skill level 1 in Air Magic
 26965 | Lair:6   | Reached skill level 1 in Shields
 27558 | Lair:6   | Reached XP level 14. HP: 70/101 MP: 17/25
 28032 | Lair:5   | Slain by a black mamba

Vault maps used:
D:1:      giann_wishing_wells
D:2:      xom_teletrap_fun
D:3:      first_ration, uniq_grinder, uniq_jessica
D:4:      biasface_ghost_orc_armoury, nicolae_ossuary_entry_false_entrances,
          minmay_misc_feat_iff
D:5:      kennysheep_donut, uniq_blork_the_orc
D:6:      kennysheep_slug_shrine, nicolae_overflow_quartered_altars,
          temple_hall_moat
D:7:      serial_shops, kennysheep_mini, grunt_livestock,
          nicolae_tso_swordbearing_angel
D:8:      uniq_erica
D:9:      regret_index_temple_of_mockery, makhleb_grotto_becter,
          erik_lair_island
D:10:     orc_david_3, serial_shops, shop_coins, lightli_corner_chamber
D:11:     gammafunk_ghost_grave
D:12:     hangedman_cracks_in_the_wall, uniq_erolcha
Lair:1:   st_stairs_3, uniq_sonja
Lair:2:   basic_altar, uniq_prince_ribbit2
Lair:3:   grunt_megastairs_3
Lair:4:   swamp_mist_pool, nicolae_spider_entry_non_spiders,
          portal_ice_cave_entry_animals_and_master, beast_lair_carwin_6,
          uniq_snorg
Lair:5:   minmay_lair_venomous_thicket, minmay_slime_entry_oklob_enclosed,
          infiniplex_staircase_pool_2
Lair:6:   evilmike_catoblepas_cave, grunt_megastairs_5
Orc:1:    basic_altar
Ossuary:  ossuary_tomb_3
IceCv:    ice_cave_small_demon

Skill      XL: |  1  2  3  4  5  6  7  8  9 10 11 12 13 14 |
---------------+-------------------------------------------+-----
Stealth        | 1 2 3 4 5 8 |  8.9
Dodging        | 3 4 5 7 8 9 10 11 | 11.9
Fighting       | 3 4 6 7 8 9 10 11 | 11.5
Charms         | 1 2 |  2.1
Long Blades    | 4 6 8 9 10 | 10.6
Invocations    | 4 |  4.0
Necromancy     | 2 |  2.3
Spellcasting   | 3 5 6 7 |  7.7
Summonings     | 3 7 8 |  8.7
Air Magic      | 1 2 |  2.0
Shields        | 1 3 |  3.2
Throwing       | |  1.0
Translocations | |  3.0

Action                   |  1- 3 |  4- 6 |  7- 9 | 10-12 | 13-15 || total
-------------------------+-------+-------+-------+-------+-------++-------
Melee: Dagger            |    61 |   108 |   290 |    29 |       ||   488
       Falchion          |     5 |       |       |       |       ||     5
       Constrict         |    15 |    27 |    61 |    78 |    45 ||   226
       Tentacles         |     9 |    17 |    58 |    86 |    95 ||   265
       War axe           |       |       |     2 |       |       ||     2
       Scimitar          |       |       |       |   468 |    98 ||   566
       Punch             |       |       |       |    10 |    13 ||    23
       Demon blade       |       |       |       |       |   247 ||   247
 Fire: Blowgun           |       |       |       |    46 |     1 ||    47
Throw: Tomahawk          |     1 |     4 |       |    19 |     9 ||    33
       Stone             |       |     2 |     4 |       |       ||     6
 Cast: Shroud of Golubri |       |     3 |     1 |    31 |    12 ||    47
       Blink             |       |       |       |     3 |     6 ||     9
       Gell's Gravitas   |       |       |       |     1 |       ||     1
       Animate Skeleton  |       |       |       |    42 |    36 ||    78
       Summon Lightning  |       |       |       |     1 |    22 ||    23
Invok: Heroism           |       |       |     1 |    29 |    17 ||    47
Evoke: Wand              |       |       |     1 |     7 |     1 ||     9
  Use: Potion            |       |     2 |     2 |     7 |     5 ||    16
       Scroll            |       |     1 |     3 |    14 |     3 ||    21
 Stab: Sleeping          |     5 |     6 |    22 |    37 |     2 ||    72
       Distracted        |       |     1 |       |     3 |     9 ||    13
       Confused          |       |       |       |     1 |       ||     1
  Eat: Chunk             |     2 |     5 |    17 |    24 |    18 ||    66
       Ration            |       |       |     1 |     4 |     3 ||     8
Armor: Skin              |    10 |     9 |    14 |    31 |     5 ||    69
Dodge: Dodged            |    51 |    64 |   178 |   385 |   210 ||   888
Block: Other             |       |       |       |    56 |    25 ||    81
       Reflection        |       |       |       |     2 |       ||     2
       Buckler           |       |       |       |       |    31 ||    31
       Rpst.: Falchion   |     1 |       |       |       |       ||     1
       Scimitar          |       |       |       |    93 |    17 ||   110
       Demon blade       |       |       |       |       |    39 ||    39

Table legend:
 A = Spawn XP
 B = Non-spawn XP
 C = Spawn XP percentage of total XP
 D = Spawn monster count
 E = Non-spawn monster count
 F = Spawn count percentage of total count
 G = Total turns spent on level
                    A         B        C        D         E        F      G
               +---------+---------+-------+---------+---------+-------+---------
         Total |       0 |   60320 |   0.0 |       0 |     481 |   0.0 | 28032
               +---------+---------+-------+---------+---------+-------+---------
           D:1 |       0 |      44 |   0.0 |       0 |      17 |   0.0 |  1238
           D:2 |       0 |      60 |   0.0 |       0 |      23 |   0.0 |   519
           D:3 |       0 |     438 |   0.0 |       0 |      32 |   0.0 |  1209
           D:4 |       0 |     641 |   0.0 |       0 |      20 |   0.0 |  1943
           D:5 |       0 |     441 |   0.0 |       0 |      18 |   0.0 |  1151
           D:6 |       0 |    1234 |   0.0 |       0 |      22 |   0.0 |  1431
           D:7 |       0 |    1803 |   0.0 |       0 |      44 |   0.0 |  2296
           D:8 |       0 |    2474 |   0.0 |       0 |      16 |   0.0 |  1325
           D:9 |       0 |    3238 |   0.0 |       0 |      37 |   0.0 |  3164
          D:10 |       0 |    2205 |   0.0 |       0 |      26 |   0.0 |  1242
          D:11 |       0 |    1567 |   0.0 |       0 |      28 |   0.0 |  1392
          D:12 |       0 |    3614 |   0.0 |       0 |      23 |   0.0 |   954
        Lair:1 |       0 |    4477 |   0.0 |       0 |      18 |   0.0 |   709
        Lair:2 |       0 |    2690 |   0.0 |       0 |      12 |   0.0 |   701
        Lair:3 |       0 |    4033 |   0.0 |       0 |      26 |   0.0 |  1066
        Lair:4 |       0 |    9041 |   0.0 |       0 |      36 |   0.0 |  1703
        Lair:5 |       0 |    8333 |   0.0 |       0 |      43 |   0.0 |  2625
        Lair:6 |       0 |    8386 |   0.0 |       0 |      22 |   0.0 |   605
         Orc:1 |       0 |     165 |   0.0 |       0 |       1 |   0.0 |    24
       Ossuary |       0 |       1 |   0.0 |       0 |       1 |   0.0 |    43
         IceCv |       0 |    5435 |   0.0 |       0 |      16 |   0.0 |  2692
               +---------+---------+-------+---------+---------+-------+---------
